AoeStats
← ING.PATRICK

African Clearing

504596970Analyzed
4v4 RM · 27d ago on Sep 5, 2026· 85m 54s· 8 players
Game mode
Random Map
Map size
Large (8 player)
Population
200
Speed
Normal
Resources
Standard
Victory
Conquest
Starting age
Dark Age
Ending age
Imperial Age
RankedLock teamsTeams togetherTeam positionsShared explorationLock speedFull tech treeHidden civsTurbo modeCheats
Victory
Defeat
🇨🇦 Berbers · Canada
1463
+13
🇲🇽 Dravidians · Mexico
1414
+15
🇺🇸 Ethiopians · United States
1408
+15
🇺🇸 Lithuanians · United States
1403
+15
🇲🇽 Magyars · Mexico
1498
-18
🇵🇪 Britons · Peru
1456
-17
🇨🇴 Slavs · Colombia
1436
-16
🇪🇨 Persians · Ecuador
1169
-7
Ice2207
9:34 Loom
12:17 Feudal Age
13:13 Double-Bit Axe
19:24 Wheelbarrow
23:47 Castle Age
22:52 Padded Archer Armor
22:48 Fletching
24:28 Padded Archer Armor
24:27 Bodkin Arrow
24:33 Padded Archer Armor
23:55 Crossbowman
24:41 Thumb Ring
26:05 Horse Collar
28:39 Leather Archer Armor
28:46 Bow Saw
31:16 Hand Cart
31:23 Ballistics
37:06 Masonry
36:53 Murder Holes
37:07 Squires
37:18 Scale Mail Armor
37:29 Gold Mining
38:58 Town Watch
42:11 Imperial Age
40:23 Gold Shaft Mining
39:57 Heavy Plow
40:36 Stone Mining
43:54 Chemistry
42:56 Bracer
42:18 Arbalester
42:21 Halberdier
43:34 Ring Archer Armor
43:19 Chain Mail Armor
45:58 Siege Engineers
48:03 Torsion Engines
48:24 Conscription
50:17 Two-Man Saw
49:59 Capped Ram
52:05 Siege Ram
55:53 Plate Mail Armor
55:34 Forging
57:31 Town Patrol
59:39 Coinage
58:55 Elite Skirmisher
61:52 Banking
66:12 Arson
67:04 Iron Casting
68:16 Elite Shotel Warrior
68:57 Royal Heirs
70:02 Blast Furnace
72:33 Architecture
71:54 Guard Tower
74:02 Caravan
81:46 Fortified Wall
83:20 Stone Shaft Mining
GOAT Gobz
5:52 Loom
13:15 Feudal Age
18:50 Castle Age
18:07 Fletching
19:18 Double-Bit Axe
25:56 Horse Collar
26:31 Bow Saw
31:20 Husbandry
32:25 Scale Barding Armor
33:16 Bloodlines
34:17 Chain Barding Armor
34:34 Bloodlines
43:18 Wheelbarrow
43:39 Forging
45:05 Hand Cart
47:24 Gold Mining
47:25 Stone Mining
51:14 Imperial Age
49:32 Bodkin Arrow
49:38 Padded Archer Armor
49:59 Ballistics
50:56 Iron Casting
51:26 Heavy Camel Rider
52:43 Plate Barding Armor
53:09 Blast Furnace
52:09 Bracer
52:25 Leather Archer Armor
51:33 Elite Skirmisher
51:35 Elite Genitour
52:43 Conscription
52:30 Maghrebi Camels
53:39 Coinage
53:12 Treadmill Crane
54:34 Chemistry
54:18 Thumb Ring
54:19 Arrowslits
54:49 Bracer
56:15 Kasbah
57:56 Ring Archer Armor
57:58 Cavalier
58:04 Light Cavalry
59:29 Banking
59:10 Guilds
60:06 Guard Tower
60:27 Siege Engineers
64:33 Hoardings
64:05 Hussar
65:47 Elite Camel Archer
66:58 Pikeman
69:03 Scale Mail Armor
johnnyboy
5:40 Loom
11:33 Feudal Age
13:35 Town Watch
15:17 Double-Bit Axe
20:24 Castle Age
25:37 Fervor
27:30 Wheelbarrow
29:38 Horse Collar
36:25 Fletching
38:37 Hill Forts
38:57 Heavy Plow
38:56 Gold Mining
38:56 Stone Mining
39:09 Bodkin Arrow
39:57 Husbandry
40:52 Hand Cart
41:25 Bloodlines
41:26 Scale Barding Armor
45:25 Imperial Age
43:40 Forging
43:51 Chain Barding Armor
43:45 Bow Saw
45:34 Iron Casting
45:30 Elite Leitis
46:32 Conscription
46:36 Ballistics
47:16 Chemistry
46:30 Bracer
47:06 Plate Barding Armor
48:45 Bracer
52:09 Two-Man Saw
53:24 Hoardings
55:15 Masonry
58:31 Architecture
57:42 Treadmill Crane
58:29 Bombard Tower
74:57 Stone Shaft Mining
moramora48
3:49 Loom
11:36 Feudal Age
17:06 Fletching
27:00 Castle Age
28:54 Wheelbarrow
41:49 Bodkin Arrow
52:23 Wheelbarrow
61:54 Imperial Age
60:40 Hand Cart
60:11 Town Watch
60:44 Horse Collar
63:39 Chemistry
62:39 Elite Elephant Archer
64:07 Bracer
64:31 Ballistics
64:49 Padded Archer Armor
65:37 Conscription
66:04 Leather Archer Armor
66:03 Husbandry
66:19 Medical Corps
66:08 Pikeman
66:49 Squires
67:52 Thumb Ring
68:41 Ring Archer Armor
69:38 Light Cavalry
72:17 Forging
72:13 Scale Barding Armor
76:24 Chain Barding Armor
76:39 Iron Casting
HK El Primo
11:24 Feudal Age
17:16 Scale Barding Armor
19:36 Loom
22:47 Castle Age
23:20 Horse Collar
23:26 Double-Bit Axe
24:26 Heavy Plow
24:37 Bow Saw
28:41 Husbandry
29:52 Chain Barding Armor
32:03 Bloodlines
36:12 Town Watch
39:55 Imperial Age
38:27 Wheelbarrow
38:11 Corvinian Army
39:45 Hand Cart
41:01 Coinage
41:09 Crop Rotation
41:40 Two-Man Saw
40:03 Elite Magyar Huszar
41:53 Conscription
41:35 Recurve Bow
42:19 Fletching
43:23 Bodkin Arrow
43:30 Padded Archer Armor
44:06 Plate Barding Armor
44:03 Ballistics
44:16 Town Patrol
44:18 Bracer
46:01 Chemistry
45:53 Parthian Tactics
45:34 Thumb Ring
45:35 Elite Skirmisher
49:22 Banking
50:49 Heavy Cavalry Archer
57:46 Leather Archer Armor
59:24 Caravan
70:45 Light Cavalry
MANITAS DE TEMU
3:33 Loom
42:30 Feudal Age
46:25 Castle Age
45:13 Horse Collar
46:41 Double-Bit Axe
58:09 Imperial Age
56:42 Wheelbarrow
57:03 Town Watch
58:13 Scale Barding Armor
58:19 Forging
58:19 Husbandry
58:05 Cavalier
58:59 Bloodlines
61:24 Light Cavalry
62:26 Hussar
66:00 Chain Barding Armor
66:16 Iron Casting
68:14 Pikeman
69:20 Squires
69:05 Arson
69:21 Halberdier
70:55 Scale Mail Armor
74:59 Plate Barding Armor
AM | Rick2
8:39 Loom
15:47 Feudal Age
19:00 Castle Age
16:59 Double-Bit Axe
19:45 Horse Collar
20:07 Horse Collar
27:20 Bow Saw
28:39 Wheelbarrow
27:49 Town Watch
28:45 Scale Barding Armor
28:51 Forging
29:38 Bloodlines
30:27 Hand Cart
31:52 Chain Barding Armor
31:57 Husbandry
32:47 Iron Casting
34:45 Heavy Plow
34:37 Gold Mining
38:40 Imperial Age
36:20 Town Patrol
36:40 Detinets
37:58 Gold Shaft Mining
40:22 Two-Man Saw
39:14 Stone Mining
38:46 Cavalier
40:02 Plate Barding Armor
40:28 Blast Furnace
41:23 Conscription
41:40 Hoardings
40:45 Light Cavalry
41:26 Elite Boyar
45:17 Crop Rotation
47:06 Druzhina
47:32 Scale Mail Armor
46:53 Pikeman
47:34 Squires
47:30 Halberdier
51:43 Sappers
54:16 Heavy Scorpion
57:00 Chemistry
56:07 Siege Engineers
56:16 Caravan
57:25 Ballistics
57:02 Hussar
60:49 Capped Ram
62:05 Siege Ram
67:26 Onager
ING.PATRICK
5:24 Loom
14:34 Feudal Age
18:39 Castle Age
18:07 Double-Bit Axe
21:39 Fletching
29:22 Bodkin Arrow
31:09 Town Watch
33:35 Ballistics
39:37 Imperial Age
40:23 Wheelbarrow
40:31 Bracer
43:40 Chemistry
43:50 Bow Saw
48:32 Conscription
48:08 Elite Longbowman
48:59 Light Cavalry
50:06 Scale Mail Armor
50:20 Pikeman
51:31 Halberdier
52:27 Chain Mail Armor
52:53 Squires
53:07 Forging
53:59 Hand Cart
53:28 Horse Collar
54:14 Man-at-Arms
54:59 Husbandry
55:06 Scale Barding Armor
56:18 Plate Mail Armor
57:27 Scale Barding Armor
57:13 Cavalier
58:37 Chain Barding Armor
60:03 Plate Barding Armor
59:55 Padded Archer Armor
62:40 Iron Casting
62:22 Leather Archer Armor
65:39 Blast Furnace
64:40 Gambesons
66:19 Yeomen
67:57 Ring Archer Armor
67:38 Caravan
68:39 Guilds
69:08 Arson
68:44 Long Swordsman
69:36 Two-Handed Swordsman
71:06 Hoardings
71:49 Siege Engineers
71:56 Masonry
71:33 Capped Ram
72:50 Champion
73:26 Heavy Scorpion
Connection lost

Rejoining the realm…

Still unreachable

The connection could not be restored.

Session expired

The server has moved on; the page needs a fresh start.